 Dungeon Crawl Stone Soup version 0.27-a0-277-g024f7ef292 (webtiles) character file.

Game seed: 9124341454114723531

168 Borgoz the Cudgeller (level 5, -1/32 HPs)
             Began as a Gargoyle Gladiator on Feb 5, 2021.
             Killed by divine providence
             ... invoked by an orc priest
              (13 damage)
             ... on level 3 of the Dungeon.
             The game lasted 00:02:24 (2519 turns).

Borgoz the Cudgeller (Gargoyle Gladiator)           Turns: 2519, Time: 00:02:25

Health: -1/32      AC: 15    Str: 18    XL:     5   Next: 49%
Magic:  5/5        EV: 12    Int:  8    God:
Gold:   153        SH:  0    Dex: 12    Spells: 4/4 levels left

rFire    + . .     SeeInvis .   a - +0 flail
rCold    . . .     Faith    .   (no shield)
rNeg     + . .     Spirit   .   n - +2 leather armour {rF+}
rPois    ∞         Reflect  .   c - +0 helmet
rElec    +         Harm     .   (no cloak)
rCorr    .         Rampage  .   h - +0 pair of gloves
Will     .....                  (no boots)
Stlth    +.........             (no amulet)
HPRegen  0.10/turn              k - +4 ring of protection
MPRegen  0.09/turn              (no ring)

@: flying
A: negative energy resistance 1, electricity resistance, unbreathing,
petrification resistance, miasma immunity, AC +4
a: no special abilities


You were on level 3 of the Dungeon.
You visited 1 branch of the dungeon, and saw 3 of its levels.

You collected 153 gold pieces.

Inventory:

Hand Weapons
 a - a +0 flail (weapon)
Missiles
 d - 3 throwing nets (quivered)
Armour
 c - a +0 helmet (worn)
 h - a +0 pair of gloves (worn)
 n - a +2 leather armour of fire resistance (worn)
Jewellery
 k - a +4 ring of protection (left hand)
Scrolls
 b - 2 scrolls of random uselessness {unknown}
 e - 3 scrolls of teleportation
 g - 2 scrolls of blinking
 m - 3 scrolls of identify
 o - a scroll of remove curse {unknown}
Potions
 i - a potion of invisibility {unknown}
 j - a potion of resistance {unknown}
 l - 2 potions of experience {unknown}


   Skills:
 + Level 3.5 Fighting
 + Level 3.9 Maces & Flails
 - Level 1.7 Throwing
 + Level 2.5 Armour
 + Level 3.2 Dodging


You had 4 spell levels left.
You didn't know any spells.
Your spell library was empty.

Dungeon Overview and Level Annotations

Branches:
Dungeon (3/15)

Altars:
Ru
Wu Jian


Innate Abilities, Weirdness & Mutations

You are resistant to torment.
Your stone body is resilient. (AC +4)
You are immune to poison.
You resist negative energy. (rN+)
You are resistant to electric shocks. (rElec)
You can survive without breathing.
You are immune to petrification.
You are immune to miasma.


Message History

An orc comes into view.
There are monsters nearby!
You closely miss the orc priest.
The orc shouts!
The orc priest looks braver for a moment.
The orc priest calls down the wrath of Beogh upon you.
Beogh smites you!
You sock the orc priest!
The orc priest is severely wounded.
The orc priest completely misses you.
The orc priest mumbles some strange prayers to Beogh against you.
Beogh smites you!
You are too injured to fight recklessly!
Sorry, you're not good enough to have a special ability.
It was a potion of flight.
You feel very buoyant.
You fly up into the air.
The orc priest mumbles some strange prayers to Beogh against you.
Beogh smites you!
You die...

#.# #.###.#.#.##.
#.###.#########.†
#....##......(##.
#..........)..##.
#...###...♣_..##.
#.#...#.......##.
#######.#.###.......##'
#....>......#..........
#....o@.#.###(......##.
#..##o###.# #..≈...(#..


.oo ... #.≈≈≈≈..##' ..... ....#≈≈≈≈≈≈≈#.. ##.o.. ##.##≈≈≈≈≈≈≈##. #....
..##########. #.... .####......#. #.... .....<..#..## ...########...#..# You
could see 3 orc priests and 2 orcs.

Vanquished Creatures
  2 orc wizards (D:3)
  4 adders
  A dart slug (D:1)
  3 leopard geckos (D:1)
  9 orcs (D:3)
  4 bats
  A giant cockroach (D:1)
  7 goblins
  9 hobgoblins
  6 jackals
  A quokka (D:3)
  2 ball pythons
  3 frilled lizards
  8 kobolds
  5 rats
65 creatures vanquished.

Notes
Turn   | Place    | Note
-------+----------+-------------------------------------------
     0 | D:1      | Borgoz the Gargoyle Gladiator began the quest for the Orb.
     0 | D:1      | Reached XP level 1. HP: 12/12 MP: 1/1
   130 | D:1      | Reached XP level 2. HP: 15/18 MP: 2/2
   269 | D:1      | Reached skill level 1 in Armour
   381 | D:1      | Reached XP level 3. HP: 21/22 MP: 3/3
  1474 | D:2      | Reached XP level 4. HP: 26/28 MP: 4/4
  1572 | D:2      | Found a sacrificial altar of Ru.
  1713 | D:3      | Reached XP level 5. HP: 22/32 MP: 5/5
  2413 | D:3      | Found an ornate altar of the Wu Jian Council.
  2519 | D:3      | Killed from afar by an orc priest

Illustrated notes

Levels and vault maps discovered:
D:1:      dpeg_arrival_shrine, layout_basic
D:2:      layout_rooms, lemuel_coloured_pillars_altar
D:3:      layout_basic, nzn_wu_jian_contemplation

Skill      XL: |  1  2  3  4 |
---------------+-------------+-----
Armour         | 1 2 |  2.5
Fighting       | 3 |  3.5
Dodging        | 3 |  3.2
Maces & Flails | |  3.9
Throwing       | |  1.7

Action                   |  1- 3 |  4- 6 || total
-------------------------+-------+-------++-------
Melee: Flail             |   123 |    99 ||   222
  Use: Scroll            |     6 |       ||     6
       Potion            |       |     1 ||     1
Armor: Leather armour    |    64 |    21 ||    85
       Ring mail         |       |    24 ||    24
Dodge: Dodged            |    93 |    80 ||   173

Table legend: (Time is in decaauts)
 A = Elapsed time spent in this place.
 B = Non-inter-level travel time spent in this place.
 C = Inter-level travel time spent in this place.
 D = Time resting spent in this place.
 E = Time spent auto-exploring this place.
 F = Levels seen in this place.
 G = Mean time per level.
                   A        B        C        D        E       F      G
               +--------+--------+--------+--------+--------+-----+--------+
         Total |   2569 |   2518 |     51 |    125 |   1859 |   3 |  856.3 |
       Dungeon |   2569 |   2518 |     51 |    125 |   1859 |   3 |  856.3 |
               +--------+--------+--------+--------+--------+-----+--------+

Top non-repeatable levels by time:
     D:1: 1206 daAuts
     D:3: 918 daAuts
     D:2: 444 daAuts
